Map: [ESL] Hecate

Players

HeroMarine - Winner!

  • Race: Terran Terran
  • Spawn Location: 7:00

herO

  • Race: Protoss Protoss
  • Spawn Location: 1:00

Event: ESL SC2 Masters 2023 Winter (Finals)

VOD

Have the link to the VOD?

Description

Time

  • Played on: Dec. 16, 2023, 11:47 a.m.
  • Length: 16:59

All games in this series

Show
View Real Time Build Order
Export as new Build Order

HeroMarine Terran - Winner!

Build Orders: Cyclone Opening 

Get SALT Encoding   

  12  0:00  SCV  
  13  0:12  SCV  
  14  0:17  Supply Depot  
  14  0:24  SCV  
  15  0:38  SCV  
  15  0:39  Barracks  
  16  0:44  Refinery  
  16  0:50  SCV  
  17  0:58  Refinery  
  17  1:02  SCV  
  18  1:14  SCV  
  19  1:25  Reaper  
  19  1:27  Orbital Command  
  20  1:47  Factory  
  20  1:49  Supply Depot  
  20  1:52  SCV  
  21  1:58  Barracks Reactor  
  21  2:04  SCV  
  22  2:16  SCV  
  23  2:22  Command Center  
  23  2:30  SCV  
  23  2:32  Cyclone  
  26  2:42  SCV  
  27  2:44  Starport  
  27  2:48  Supply Depot  
  27  2:54  Marine, SCV  
  27  2:56  Marine  
  30  3:06  SCV  
  30  3:10  Widow Mine  
  30  3:12  Marine  
  34  3:14  Marine  
  34  3:18  SCV  
  36  3:23  Medivac  
  38  3:30  SCV  
  39  3:34  Cyclone  
  39  3:36  Marine x2  
  43  3:42  SCV  
  44  3:53  Orbital Command, Liberator  
  44  3:54  Marine  
  44  3:55  SCV  
  49  3:57  Marine  
  49  4:02  Supply Depot  
  50  4:06  Cyclone  
  50  4:07  SCV  
  53  4:12  Marine  
  54  4:19  Supply Depot  
  54  4:23  Marine  
  54  4:24  SCV x2  
  57  4:30  Marine  
  58  4:36  Starport Tech Lab, SCV x2  
  60  4:38  Cyclone  
  60  4:41  Marine  
  60  4:42  Barracks  
  60  4:43  Supply Depot  
  63  4:48  Marine, SCV x2  
  66  4:59  Marine  
  67  5:00  SCV x2  
  67  5:05  Raven, Interference Matrix  
  71  5:09  Marine  
  71  5:13  Barracks  
  70  5:16  SCV x2  
  70  5:17  Marine  
  70  5:19  Factory Tech Lab  
  70  5:27  Marine  
  70  5:28  SCV x2  
  65  5:34  Marine  
  60  5:39  Cyclone  
  60  5:40  SCV x2  
  59  5:44  Marine  
  53  5:51  Barracks Tech Lab  
  53  5:52  Marine, SCV x2  
  53  6:02  Marine  
  53  6:03  Engineering Bay  
  51  6:04  SCV x2  
  51  6:10  Marine  
  52  6:14  Starport Reactor  
  52  6:15  Marine x2  
  52  6:16  SCV  
  52  6:17  SCV  
  56  6:20  Siege Tank, Marine  
  57  6:26  Supply Depot  
  57  6:28  Marine  
  57  6:29  SCV x2  
  58  6:33  Marine x2  
  58  6:38  Marine  
  59  6:41  SCV x2  
  59  6:46  Marine  
  60  6:49  Terran Infantry Weapons Level 1  
  60  6:50  Marine, Refinery  
  60  6:51  Missile Turret, Marine  
  60  6:53  SCV x2  
  64  6:56  Marine  
  64  7:00  Stimpack  
  64  7:01  Supply Depot  
  65  7:04  Marine  
  65  7:05  SCV x2  
  65  7:07  Refinery  
  67  7:08  Marine x2  
  67  7:14  Marine  
  65  7:17  SCV x2  
  65  7:19  Combat Shield  
  65  7:21  Marine  
  68  7:26  Marine x2  
  71  7:30  Barracks x2, Missile Turret  
  71  7:31  Marine  
  71  7:35  Medivac  
  73  7:37  SCV  
  73  7:38  SCV  
  73  7:39  Marine  
  76  7:44  Marine  
  76  7:45  Supply Depot  
  76  7:49  SCV  
  78  8:02  SCV  
  78  8:03  Marine  
  78  8:05  SCV  
  78  8:06  Siege Tank, Medivac, Marine x3  
  78  8:08  Supply Depot  
  86  8:14  Supply Depot  
  86  8:19  SCV x2, Medivac  
  82  8:25  Marauder x2  
  84  8:27  Marine x2  
  87  8:35  Barracks Tech Lab x2  
  87  8:38  Viking  
  87  8:39  Siege Tank  
  90  8:45  Marine x3  
  90  8:46  Concussive Shells  
  93  8:49  Viking  
  93  8:54  Marauder  
  93  8:55  Marauder  
  93  8:59  Marauder  
  91  9:05  Marine x2  
  91  9:06  Marauder  
  91  9:08  Viking  
  97  9:10  Supply Depot x2  
  97  9:14  Siege Tank  
  100  9:17  Marauder  
  100  9:22  Supply Depot  
  102  9:25  Marauder  
  102  9:31  Viking  
  102  9:32  Marauder x2  
  102  9:38  Viking  
  110  9:40  Marauder  
  112  9:46  Marine x2, Marauder  
  112  9:50  Missile Turret  
  112  9:51  Supply Depot  
  112  9:52  Marine  
  116  9:53  Siege Tank  
  116  9:58  Marauder  
  120  10:01  Marauder  
  120  10:03  Viking  
  124  10:09  Marine x2  
  124  10:13  Marine x2  
  128  10:17  Viking  
  128  10:18  Marine  
  131  10:22  Supply Depot  
  131  10:30  Marauder  
  131  10:34  Marine  
  134  10:36  Supply Depot  
  134  10:43  Siege Tank, Missile Turret  
  134  10:44  Missile Turret  
  135  10:59  Marauder x2  
  139  11:10  Viking  
  139  11:11  Viking  
  131  11:16  Marauder  
  131  11:19  Missile Turret, Marauder  
  131  11:25  Marauder x2  
  123  11:31  Marine  
  123  11:32  Marine  
  95  11:38  Marauder  
  94  11:40  Medivac x2, Marauder  
  94  11:46  Siege Tank, Marauder  
  92  11:57  Marauder  
  96  12:01  Marine  
  96  12:02  Marine  
  98  12:08  Marauder  
  98  12:09  Marauder  
  98  12:12  Viking x2  
  104  12:18  Siege Tank  
  104  12:21  Ghost Academy  
  104  12:22  Terran Infantry Armor Level 1  
  107  12:23  Marauder x2  
  107  12:28  Marine x2  
  115  12:30  Marauder  
  115  12:42  Viking x2  
  119  12:50  Marauder x3  
  125  12:55  Siege Tank  
  128  12:59  Marine x2  
  130  13:12  Viking x2  
  134  13:21  Marauder x2  
  134  13:26  Marauder  
  140  13:39  Marine x3  
  143  13:42  Marine  
  144  13:52  Marine x2  
  110  14:19  Viking x2  
  114  14:27  Marine  
  71  14:47  Marauder  
  36  15:31  Orbital Command  
  28  16:07  Marine  
  20  16:24  Marine  
  21  16:35  Marine x2  
  21  16:39  Marine  
Show
View Real Time Build Order
Export as new Build Order

herO Protoss 

Build Orders: 1 Gate Expand, Oracle Opening 

Get SALT Encoding   

  12  0:00  Probe  
  13  0:12  Probe  
  14  0:18  Pylon  
  14  0:24  Probe (Chrono Boost)  
  15  0:36  Probe (Chrono Boost)  
  15  0:40  Gateway  
  16  0:45  Probe (Chrono Boost)  
  17  0:51  Assimilator, Probe  
  18  1:03  Probe  
  19  1:15  Probe  
  20  1:30  Cybernetics Core  
  20  1:37  Nexus  
  20  1:43  Pylon  
  20  1:45  Probe  
  21  1:51  Assimilator  
  21  1:57  Probe  
  22  2:03  Adept (Chrono Boost)  
  24  2:10  Probe  
  25  2:22  Probe  
  26  2:25  Adept (Chrono Boost)  
  27  2:35  Probe  
  28  2:37  Stargate  
  28  2:42  Warp Gate  
  28  2:48  Probe  
  28  2:49  Probe  
  30  2:52  Adept (Chrono Boost)  
  32  3:00  Probe  
  32  3:01  Probe  
  33  3:12  Probe  
  34  3:13  Probe  
  34  3:15  Adept  
  34  3:18  Oracle (Chrono Boost)  
  37  3:24  Probe  
  37  3:25  Probe  
  42  3:35  Pylon  
  42  3:36  Probe  
  42  3:37  Probe  
  44  3:51  Gateway  
  44  3:53  Gateway, Oracle (Chrono Boost)  
  44  3:55  Probe  
  48  3:57  Probe  
  49  4:06  Shield Battery, Pylon  
  49  4:08  Probe  
  49  4:09  Probe  
  51  4:16  Oracle (Chrono Boost)  
  55  4:24  Assimilator, Probe  
  55  4:26  Assimilator  
  55  4:30  Stalker  
  57  4:31  Probe, Pylon  
  57  4:36  Probe  
  57  4:38  Pylon  
  59  4:43  Robotics Facility  
  59  4:48  Probe  
  59  4:49  Probe  
  59  4:52  Stalker  
  63  4:56  Stalker  
  63  5:02  Stalker  
  63  5:11  Phoenix (Chrono Boost), Probe x2  
  63  5:12  Shield Battery  
  67  5:14  Pylon  
  67  5:19  Stalker  
  69  5:26  Stalker  
  71  5:28  Phoenix  
  66  5:38  Probe x2  
  50  5:53  Phoenix (Chrono Boost)  
  54  5:59  Immortal  
  56  6:09  Probe  
  56  6:10  Probe  
  58  6:12  Phoenix (Chrono Boost)  
  60  6:23  Probe x2  
  62  6:33  Phoenix  
  62  6:35  Probe x2  
  62  6:46  Warp Prism (Chrono Boost)  
  60  6:47  Probe x2  
  64  6:56  Robotics Bay  
  64  6:59  Probe x2  
  66  7:11  Probe x2  
  63  7:18  Phoenix  
  62  7:23  Probe x2  
  64  7:32  Sentry  
  64  7:34  Gateway  
  64  7:35  Probe  
  64  7:36  Probe  
  68  7:40  Colossus (Chrono Boost)  
  68  7:43  Phoenix  
  76  7:45  Extended Thermal Lance  
  76  7:49  Probe x2  
  78  8:10  Phoenix  
  80  8:21  Colossus (Chrono Boost)  
  86  8:27  Nexus  
  86  8:29  Pylon  
  86  8:44  Pylon x2  
  86  8:47  Probe  
  86  8:48  Probe  
  88  8:58  Colossus (Chrono Boost)  
  94  9:06  Stalker x2, Probe x2  
  100  9:13  Twilight Council  
  100  9:15  Phoenix, Forge  
  102  9:19  Shield Battery  
  102  9:25  Probe x2  
  102  9:30  Protoss Ground Weapons Level 1, Pylon  
  104  9:39  Sentry, Stalker  
  104  9:41  Phoenix  
  110  9:47  Charge (Chrono Boost)  
  113  10:01  Immortal  
  113  10:06  Zealot  
  113  10:07  Zealot  
  118  10:17  Phoenix  
  118  10:20  Gateway  
  118  10:21  Gateway  
  120  10:30  Stalker x2  
  124  10:42  Phoenix  
  126  10:46  Shield Battery  
  126  10:47  Pylon  
  126  10:54  Zealot x2  
  126  10:56  Immortal  
  132  11:01  Pylon  
  123  11:16  Zealot x3  
  124  11:19  Zealot  
  124  11:21  Phoenix (Chrono Boost)  
  82  11:37  Zealot x2  
  82  11:38  Zealot  
  82  11:39  Pylon  
  78  11:47  Phoenix (Chrono Boost)  
  74  11:57  Stalker  
  74  11:58  Protoss Ground Weapons Level 2 (Chrono Boost), Stalker x2  
  77  12:08  Phoenix (Chrono Boost)  
  79  12:19  Sentry  
  81  12:23  Nexus  
  81  12:25  Sentry  
  81  12:26  Sentry  
  85  12:32  Shield Battery  
  85  12:37  Phoenix (Chrono Boost)  
  87  12:38  Phoenix (Chrono Boost)  
  87  12:41  Probe x2  
  89  12:53  Probe x2  
  89  12:55  Templar Archives  
  89  12:56  Gateway  
  91  13:02  Phoenix  
  95  13:14  Zealot x2  
  95  13:18  Zealot  
  99  13:24  Immortal (Chrono Boost)  
  103  13:36  Phoenix  
  103  13:41  High Templar x2  
  109  13:44  Zealot  
  109  13:45  Archon  
  111  13:52  Observer  
  111  14:01  Zealot x2, Phoenix  
  118  14:05  Zealot  
  108  14:20  Stalker x2  
  108  14:24  Stalker  
  108  14:26  Phoenix  
  108  14:30  Zealot  
  108  14:31  Zealot  
  105  14:45  Zealot x2  
  77  14:47  Zealot  
  77  14:51  Zealot x2  
  42  15:08  High Templar x2  
  46  15:14  Zealot x2, Archon  
  30  15:29  Observer  
  18  15:43  High Templar x2  
  18  15:47  Archon  
  18  16:07  Stalker  
  16  16:19  Observer  
  16  16:25  Zealot  
  18  16:39  Zealot  
  14  16:46  Zealot  
Tags
 
Add a new tag
Caveats
  • Supply blocks, unpowered buildings, or Contaminate may cause inaccurate times.
  • Supply counts are checked every 10 seconds.